 Dungeon Crawl Stone Soup version 0.21-a0-78-g82a99e0 (webtiles) character file.

648 HexTechBomber the Slasher (level 7, -4/67 HPs)
             Began as a Troll Fighter on June 20, 2017.
             Was a Follower of Wu Jian.
             Slain by a mummy (16 damage)
             ... in an ossuary.
             The game lasted 00:30:29 (3528 turns).

HexTechBomber the Slasher (Troll Fighter)           Turns: 3528, Time: 00:30:30

Health: -4/67      AC:  5    Str: 27    XL:     7   Next: 27%
Magic:  6/6        EV:  9    Int:  2    God:    Wu Jian [*.....]
Gold:   242        SH:  9    Dex:  9    Spells: 6/6 levels left

rFire    . . .     SeeInvis .   k - +5 flail (crush)
rCold    + . .     Gourm    +   c - +0 shield
rNeg     . . .     Faith    .   b - +0 robe
rPois    .         Spirit   .   (helmet restricted)
rElec    .         Reflect  .   (no cloak)
rCorr    .         Harm     .   (gloves unavailable)
MR       .....                  (boots unavailable)
Stlth    +.........             (no amulet)
HPRegen  0.61/turn              (no ring)
MPRegen  0.10/turn              (no ring)

@: hasted, very quick
A: unfitting armour, claws 3, hooves 1, horns 1, cold resistance 1, dopey 1,
fast metabolism 3, gourmand, regeneration 1, shaggy fur 1, tough skin 2
a: Renounce Religion


You were in an ossuary.
You worshipped Wu Jian.
Wu Jian was aware of your devotion.
You were hungry.

You visited 1 branch of the dungeon, and saw 5 of its levels.
You also visited: Ossuary.

You collected 242 gold pieces.

Inventory:

Hand Weapons
 a - a +1 long sword
 f - a +2 quarterstaff of chaos
 k - a +5 flail of crushing (weapon)
 s - a cursed +0 dagger
 u - a +1 vampiric whip
 v - a +0 antimagic club
 x - a +0 dagger
 y - a +1 antimagic war axe
 B - a +0 hunting sling
 O - a +0 mace
Missiles
 l - 49 bolts
 n - 24 stones (quivered)
 o - 38 sling bullets
 p - 24 arrows
Armour
 b - a +0 robe (worn)
 c - a +0 shield (worn)
 g - a +0 cloak
 t - a +0 robe
Wands
 j - a wand of flame (0/48)
 V - a wand of disintegration (4/24)
Scrolls
 e - a scroll of recharging
 h - 3 scrolls of remove curse
Potions
 d - a potion of might
 z - 2 potions of flight {unknown}
 C - a potion of magic
 P - a potion of resistance {unknown}
 R - a potion of berserk rage {unknown}
Comestibles
 i - 6 meat rations
 q - 5 royal jellies
 F - 4 bread rations


   Skills:
 + Level 3.5 Fighting
 + Level 3.8 Long Blades
 + Level 2.5(2.8) Maces & Flails
 + Level 1.3(2.0) Staves
 + Level 3.3 Dodging
 + Level 0.6 Stealth
 + Level 3.4 Shields
 + Level 0.4 Evocations


You had 6 spell levels left.
You didn't know any spells.

Dungeon Overview and Level Annotations

Branches:
Dungeon (5/15)
 Temple: D:4-7

Altars:
Qazlal
Ru
Trog
Wu Jian
Yredelemnul
The Shining One


Innate Abilities, Weirdness & Mutations

You are too large for most types of armour.
You have claws for hands.
Your metabolism is lightning-fast.
You like to eat raw meat.
Your natural rate of healing is unusually fast.
You are covered in fur. (AC +1)
You have very tough skin. (AC +2)
You have large cloven feet.
You have a pair of small horns on your head.
Your flesh is cold resistant. (rC+)
You are dopey. (Int -2)


Message History

The hobgoblin zombie hits you but does no damage.
The orc zombie closely misses you.
You spin and attack the orc zombie.
You barely miss the orc zombie.
You kick the orc zombie, but do no damage.
The orc zombie is severely damaged.
It was a potion of haste.
You feel yourself speed up. The orc zombie closely misses you.
You spin and attack the orc zombie.
You bludgeon the orc zombie!!
You destroy the orc zombie!
The Council accepts your kill.
The hobgoblin zombie hits you but does no damage.
You block the mummy's attack.
You thump the hobgoblin zombie!
You destroy the hobgoblin zombie!
The Council accepts your kill.
You spin and attack the mummy.
You barely miss the mummy. Your kick misses the mummy.
The mummy is almost destroyed.
The mummy hits you!
You die...

.........
........
......
#....#
#....#
#....#
#....#
#....#
#@M..#
#....#
#....#
#.∩∩.#
######


You could see a mummy.

Vanquished Creatures
  Edmund (D:4)
  An eye of draining (D:4)
  A scorpion (D:5)
  A crimson imp (D:5)
  2 orc priests
  Crazy Yiuf (D:3)
  Jessica (D:3)
  An iguana (D:5)
  Terence (D:3)
  An orc wizard (D:4)
  2 worker ants
  A mummy (Ossuary)
  4 adders
  An adder zombie (D:5)
  2 dart slugs
  4 leopard geckos
  7 orcs
  6 bats
  4 giant cockroaches
  A gnoll zombie (Ossuary)
  5 goblins
  2 hobgoblins
  7 jackals
  2 quokkas
  3 frilled lizards
  4 hobgoblin zombies (Ossuary)
  5 kobolds
  2 orc zombies (Ossuary)
  3 rats
76 creatures vanquished.

Notes
Turn   | Place    | Note
-------+----------+-------------------------------------------
     0 | D:1      | HexTechBomber the Troll Fighter began the quest for the Orb.
     0 | D:1      | Reached XP level 1. HP: 22/22 MP: 0/0
   615 | D:1      | Reached XP level 2. HP: 28/29 MP: 1/1
  1257 | D:2      | Found a stormy altar of Qazlal.
  1258 | D:2      | Found an ornate altar of the Wu Jian Council.
  1274 | D:2      | Became a worshipper of the Wu Jian Council
  1834 | D:3      | Noticed Jessica
  1835 | D:3      | Reached XP level 3. HP: 36/36 MP: 2/2
  1836 | D:3      | Killed Jessica
  1889 | D:3      | Reached XP level 4. HP: 28/44 MP: 3/3
  2048 | D:3      | Found a basalt altar of Yredelemnul.
  2048 | D:3      | Found a sacrificial altar of Ru.
  2070 | D:3      | Noticed Terence
  2082 | D:3      | Killed Terence
  2235 | D:3      | Found a runed door.
  2239 | D:3      | Noticed Crazy Yiuf
  2244 | D:3      | Killed Crazy Yiuf
  2244 | D:3      | Reached XP level 5. HP: 44/53 MP: 4/4
  2445 | D:4      | Noticed Edmund
  2469 | D:4      | Killed Edmund
  2469 | D:4      | Reached XP level 6. HP: 24/61 MP: 5/5
  2704 | D:4      | Reached skill level 1 in Staves
  2847 | D:4      | Reached * piety under Wu Jian
  3127 | D:4      | Found a bloodstained altar of Trog.
  3133 | D:4      | Reached skill level 1 in Maces & Flails
  3241 | D:4      | Found a glowing golden altar of the Shining One.
  3402 | D:5      | Entered Level 5 of the Dungeon
  3410 | D:5      | Reached XP level 7. HP: 66/67 MP: 6/6
  3484 | D:5      | Found a sand-covered staircase.
  3494 | Ossuary  | Entered an ossuary
  3517 | Ossuary  | Gained mutation: Your system is resistant to poisons. (rPois) [potion of mutation]
  3517 | Ossuary  | Gained mutation: You evolve. [potion of mutation]
  3518 | Ossuary  | Lost mutation: Your system is resistant to poisons. (rPois) [potion of mutation]
  3518 | Ossuary  | Lost mutation: You evolve. [potion of mutation]
  3518 | Ossuary  | Gained mutation: You are dopey. (Int -2) [potion of mutation]
  3518 | Ossuary  | Gained mutation: You have a pair of small horns on your head. [potion of mutation]
  3518 | Ossuary  | Gained mutation: Your flesh is cold resistant. (rC+) [potion of mutation]
  3518 | Ossuary  | Gained mutation: You have large cloven feet. [potion of mutation]
  3528 | Ossuary  | Slain by a mummy

Vault maps used:
D:1:      shiori_shiawase
D:2:      chequers_temple_overflow_statue_of_worship, first_bread, hex_tiny
D:3:      grunt_temple_overflow_open, uniq_crazy_yiuf_cottage, uniq_terence,
          uniq_jessica
D:4:      nicolae_tso_swordbearing_angel, trog_eyes_of_draining,
          kennysheep_generic_room_6, uniq_edmund
D:5:      grunt_temple_overflow_lords_of_destruction, minmay_temple_entry_fiery,
          chequers_ossuary_entry_cave, hex_large
Ossuary:  ossuary_tomb_3

Skill      XL: |  1  2  3  4  5  6  7 |
---------------+----------------------+-----
Long Blades    | 2 3 |  3.8
Fighting       | 3 |  3.5
Shields        | 3 |  3.4
Dodging        | 3 |  3.3
Staves         | 1 |  1.3
Maces & Flails | 1 2 |  2.5
Stealth        | |  0.6
Evocations     | |  0.4

Action                   |  1- 3 |  4- 6 |  7- 9 || total
-------------------------+-------+-------+-------++-------
Melee: Long sword        |    91 |    27 |       ||   118
       Quarterstaff      |       |    14 |       ||    14
       Flail             |       |    65 |    43 ||   108
       Kick              |       |       |     1 ||     1
Evoke: Wand              |       |     8 |       ||     8
  Use: Scroll            |     3 |     9 |       ||    12
       Potion            |     1 |     3 |     3 ||     7
 Stab: Sleeping          |     1 |       |       ||     1
  Eat: Bread ration      |     2 |       |       ||     2
       Chunk             |     6 |    15 |       ||    21
Armor: Robe              |    43 |    23 |    13 ||    79
Dodge: Dodged            |    43 |    39 |    19 ||   101
Block: Shield            |    56 |    42 |    30 ||   128
       Rpst.: Long sword |    15 |     6 |       ||    21
